 Dungeon Crawl Stone Soup version 0.19.0-20-gbc5f0c6 (webtiles) character file.

450 grisgris the Cudgeler (level 7, 0/43 HPs)
             Began as a Gargoyle Fighter on Nov 16, 2016.
             Killed by divine providence
             ... invoked by an orc priest
              (10 damage)
             ... on level 4 of the Dungeon.
             The game lasted 00:08:30 (2660 turns).

grisgris the Cudgeler (Gargoyle Fighter)            Turns: 2660, Time: 00:08:31

Health: 0/43       AC: 15    Str: 22    XL:     7   Next: 4%
Magic:  7/7        EV:  4    Int:  8    God:
Gold:   143        SH: 14    Dex:  9    Spells: 0 memorised, 6 levels left

rFire  . . .     SeeInvis .     a - +1 flail
rCold  . . .     Gourm    .     h - +0 chain mail
rNeg   + . .     Faith    .     j - +0 large shield
rPois  ∞         Spirit   .     (no helmet)
rElec  +         Reflect  .     d - +0 cloak {+Inv}
rCorr  .         Harm     .     (no gloves)
MR     +....                    (no boots)
Stlth  ..........               (no amulet)
                                p - +2 ring of slaying
                                n - ring of protection from magic

@: no status effects
A: negative energy resistance 1, electricity resistance, unbreathing,
petrification resistance, rot immunity, AC +4
a: Evoke Invisibility


You were on level 4 of the Dungeon.
You were not hungry.

You visited 1 branch of the dungeon, and saw 4 of its levels.

You collected 143 gold pieces.

Inventory:

Hand Weapons
 a - a +1 flail (weapon)
 c - a +0 whip
Armour
 d - a +0 cloak of invisibility (worn)
 h - a +0 chain mail (worn)
 j - a +0 large shield (worn)
Jewellery
 n - a ring of protection from magic (left hand)
 p - a +2 ring of slaying (right hand)
Wands
 v - a wand of iceblast (3/15)
Scrolls
 o - a scroll of identify
 q - 3 scrolls of remove curse {unknown}
 w - a scroll of magic mapping {unknown}
 x - a scroll of blinking {unknown}
Potions
 b - a potion of lignification
 k - a potion of berserk rage {unknown}
 m - a potion of ambrosia {unknown}
 r - a potion of agility {unknown}
 u - a potion of cure mutation {unknown}
Books
 t - a book of Cantrips

   Spells                             Type                      Level
   a - Confusing Touch                Hexes                        1
   b - Animate Skeleton               Necromancy                   1
   c - Summon Small Mammal            Summoning                    1
   d - Apportation                    Translocation                1
Comestibles
 f - 3 bread rations
 g - 3 fruits
 i - 3 meat rations
 l - a beef jerky


   Skills:
 + Level 4.0 Fighting
 * Level 5.4 Maces & Flails
 + Level 4.2 Armour
 + Level 1.1 Dodging
 + Level 4.8 Shields


You had 6 spell levels left.
You didn't know any spells.

Dungeon Overview and Level Annotations

Branches:
Dungeon (4/15)
 Temple: D:4-7

Altars:
Elyvilon


Innate Abilities, Weirdness & Mutations

You are resistant to torment.
Your stone body is resilient. (AC +4)
You are immune to poison.
You resist negative energy. (rN+)
You are resistant to electric shocks. (rElec)
You can survive without breathing.
You are immune to petrification.
You are immune to rotting.


Message History

You kill the orc priest!
You have reached level 7!
A magic dart appears from out of thin air!
The magic dart hits you!
You see here 5 gold pieces.
You sock the orc priest!
The orc priest is heavily wounded.
The orc priest calls down the wrath of Beogh upon you.
Beogh smites you!
* * * LOW HITPOINT WARNING * * *
The orc priest barely misses you.
You closely miss the orc priest.
The orc priest is heavily wounded.
You block the orc priest's attack.
You hit the orc priest.
The orc priest is severely wounded.
You block the orc priest's attack.
The orc priest invokes the aid of Beogh against you.
Beogh smites you!
You die...

................#
................#
................# #
................# .#
................# ..#
...............## ..#
...............# ...#
...............####...###
#...............@o)......
###.............#########
##..........###
###.......## ##......#
##..###..# ###..## #..#
###...### #..#
....#...###..#


You could see an orc priest.

Vanquished Creatures
  Sigmund (D:2)
  An orc priest (D:4)
  Ijyb (D:2)
  Natasha (thrice) (D:2)
  A worker ant (D:4)
  A hound skeleton (D:4)
  3 adders
  2 oozes (D:2)
  3 worms
  4 dart slugs
  2 leopard geckos
  5 orcs
  2 ball pythons
  5 bats
  A giant cockroach (D:1)
  5 hobgoblins
  4 jackals
  11 kobolds
  3 quokkas (D:2)
  2 frilled lizards
  6 goblins
  10 rats
76 creatures vanquished.

Vanquished Creatures (others)
  A quokka (D:2)
1 creature vanquished.

Grand Total: 77 creatures vanquished

Notes
Turn   | Place    | Note
-------+----------+-------------------------------------------
     0 | D:1      | grisgris the Gargoyle Fighter began the quest for the Orb.
     0 | D:1      | Reached XP level 1. HP: 14/14 MP: 1/1
   193 | D:1      | Reached XP level 2. HP: 17/19 MP: 2/2
   308 | D:1      | Reached XP level 3. HP: 17/23 MP: 3/3
   638 | D:2      | Reached skill level 3 in Maces & Flails
   839 | D:2      | Noticed Natasha
   849 | D:2      | Killed Natasha
   849 | D:2      | Reached XP level 4. HP: 20/28 MP: 4/4
   852 | D:2      | Noticed Natasha
   867 | D:2      | Killed Natasha
  1273 | D:2      | Noticed Natasha
  1286 | D:2      | Killed Natasha
  1286 | D:2      | Reached XP level 5. HP: 31/32 MP: 5/5
  1309 | D:2      | Found a white marble altar of Elyvilon.
  1354 | D:2      | Noticed Ijyb
  1357 | D:2      | Noticed Sigmund
  1390 | D:2      | Killed Ijyb
  1390 | D:2      | Reached skill level 4 in Maces & Flails
  1406 | D:2      | Killed Sigmund
  1406 | D:2      | Reached XP level 6. HP: 21/38 MP: 6/6
  2195 | D:3      | Reached skill level 5 in Maces & Flails
  2584 | D:4      | Reached skill level 1 in Dodging
  2656 | D:4      | Reached XP level 7. HP: 24/43 MP: 7/7
  2660 | D:4      | Killed from afar by an orc priest

Skill      XL: |  1  2  3  4  5  6 |
---------------+-------------------+-----
Maces & Flails | 3 4 5 |  5.4
Armour         | 4 |  4.2
Shields        | 4 |  4.8
Fighting       | 4 |  4.0
Dodging        | 1 |  1.1

Action                   |  1- 3 |  4- 6 |  7- 9 || total
-------------------------+-------+-------+-------++-------
Melee: Flail             |   123 |   128 |     3 ||   254
       Whip              |       |    82 |       ||    82
  Use: Scroll            |     3 |     2 |       ||     5
       Potion            |       |     7 |       ||     7
  Eat: Chunk             |       |     6 |       ||     6
Armor: Scale mail        |    55 |       |       ||    55
       Chain mail        |     7 |    88 |     1 ||    96
Dodge: Dodged            |    30 |    21 |     1 ||    52
Block: Shield            |    56 |       |       ||    56
       Large shield      |     2 |   163 |     2 ||   167
